 Dungeon Crawl Stone Soup version 0.21-a0-260-g9b2435e (webtiles) character file.

25013 Jeffwins the Summoner (level 12, -17/86 HPs)
             Began as a Mummy Summoner on Sept 8, 2017.
             Was a High Priest of Ashenzari.
             Killed from afar by pkoi's ghost (28 damage)
             ... with a fireball
             ... on level 6 of the Lair of Beasts.
             The game lasted 00:49:02 (13559 turns).

Jeffwins the Summoner (Mummy Summoner)             Turns: 13559, Time: 00:49:03

Health: -17/86     AC: 12    Str: 11    XL:     12   Next: 85%
Magic:  6/17       EV: 17    Int: 23    God:    Ashenzari [*****.]
Gold:   880        SH:  0    Dex: 18    Spells: 5/18 levels left

rFire    . . .     SeeInvis +   C - +10 scimitar of Gluttony {freeze, rElec rPois} (curse)
rCold    + . .     Gourm    .   (no shield)
rNeg     + + +     Faith    +   m - +0 troll leather armour (curse) {Purgy}
rPois    ∞         Spirit   .   T - +0 helmet
rElec    +         Reflect  .   s - +2 cloak {+Inv} (curse)
rCorr    .         Harm     .   H - +2 pair of gloves
MR       ++...     Clarity  +   v - +0 pair of boots (curse)
Stlth    +++.......             l - amulet of faith
HPRegen  0.64/turn              q - +5 ring of intelligence (curse)
MPRegen  0.15/turn              y - ring "Caom" {rPois rF+ MR+ Dex+4} (curse)

@: no status effects
A: no food or potions, fire vulnerability, cold resistance 1, negative energy
resistance 3, torment resistance, unbreathing
a: Curse Item, Scrying, Transfer Knowledge, Renounce Religion, Evoke
Invisibility


You were on level 6 of the Lair of Beasts.
You worshipped Ashenzari.
Ashenzari was extremely pleased with you.
You were not hungry.

You visited 3 branches of the dungeon, and saw 15 of its levels.
You also visited: Labyrinth and Sewer.

You collected 880 gold pieces.

Inventory:

Hand Weapons
 n - a +2 falchion of electrocution
 C - the cursed +10 scimitar of Gluttony (weapon) {freeze, rElec rPois}
   (You found it on level 7 of the Dungeon)

   It has been specially enchanted to freeze those struck by it, causing extra
   injury to most foes and up to half again as much damage against particularly
   susceptible opponents.
   It can also slow down cold-blooded creatures.
   It insulates you from electricity.
   It protects you from poison.
   It has a curse placed upon it.
 U - a +5 double sword
Missiles
 e - 10 tomahawks (quivered)
Armour
 m - a cursed +0 troll leather armour (worn) {Purgy}
 s - a cursed +2 cloak of invisibility (worn)
 v - a cursed +0 pair of boots (worn)
 A - a +2 robe of fire resistance
 G - the +4 scale mail "Hoblis" {rPois Dex+2 Stlth+}
   (You found it on level 1 of the Lair of Beasts)

   It affects your dexterity (+2).
   It protects you from poison.
   It makes you more stealthy.
 H - a +2 pair of gloves (worn)
 N - a +2 robe of magic resistance
 T - a +0 helmet (worn)
Magical Staves
 u - an uncursed staff of summoning
Jewellery
 k - an uncursed ring of ice
 l - an amulet of faith (around neck)
 q - a cursed +5 ring of intelligence (left hand)
 y - the cursed ring "Caom" (right hand) {rPois rF+ MR+ Dex+4}
   (You found it on level 6 of the Dungeon)

   [ring of protection from fire]

   It affects your dexterity (+4).
   It protects you from fire.
   It protects you from poison.
   It affects your resistance to hostile enchantments.
   It has a curse placed upon it.
 J - an uncursed ring of ice
 L - an uncursed ring of protection from cold
 P - an uncursed ring of flight
 S - an uncursed ring of resist corrosion
Wands
 a - a wand of paralysis (8/24)
 d - a wand of acid (12/15)
 g - a wand of confusion (34/48)
 h - a wand of lightning (10/15)
 o - a wand of iceblast (5/15)
 E - a wand of polymorph (8/24)
 F - a wand of iceblast (9/15)
 I - a wand of flame (25/48)
 M - a wand of iceblast (8/15)
 V - a wand of lightning (6/15)
 W - a wand of acid (8/15)
Scrolls
 c - 3 scrolls of enchant armour
 f - 7 scrolls of teleportation
 i - 4 scrolls of fear
 j - 3 scrolls of fog
 p - 4 scrolls of amnesia
 r - 7 scrolls of identify
 x - 4 scrolls of remove curse
 z - 4 scrolls of magic mapping
 D - a scroll of summoning
 O - a scroll of enchant weapon
 Q - a scroll of blinking
 R - a scroll of recharging {unknown}
Books
 b - a book of Callings

   Spells                             Type                      Level
   a - Summon Small Mammal            Summoning                    1
   b - Call Imp                       Summoning                    2
   c - Call Canine Familiar           Summoning                    3
   d - Summon Guardian Golem          Hexes/Summoning              3
   e - Summon Lightning Spire         Summoning/Air                4
   f - Summon Ice Beast               Ice/Summoning                4
 w - a book of Battle

   Spells                             Type                      Level
   a - Infusion                       Charms                       1
   b - Shroud of Golubria             Charms/Translocation         2
   c - Song of Slaying                Charms                       2
   d - Spectral Weapon                Hexes/Charms                 3
   e - Regeneration                   Charms/Necromancy            3
 B - a Young Poisoner's Handbook

   Spells                             Type                      Level
   a - Sting                          Conjuration/Poison           1
   b - Poisonous Vapours              Poison/Air                   2
   c - Mephitic Cloud                 Conjuration/Poison/Air       3
   d - Olgreb's Toxic Radiance        Poison                       4
   e - Venom Bolt                     Conjuration/Poison           5
 K - the Papyrus of Floating Stolen Souls
   (You found it in a labyrinth)

   Spells                             Type                      Level
   a - Excruciating Wounds            Charms/Necromancy            5
   b - Deflect Missiles               Charms/Air                   6
   c - Tornado                        Air                          9
Miscellaneous
 t - a lightning rod (4/4)


   Skills:
 + Level 5.6 Fighting
 * Level 7.8(11.8) Long Blades
 - Level 2.7 Armour
 + Level 5.0(7.6) Dodging
 + Level 3.7(6.1) Stealth
 - Level 3.5 Spellcasting
 + Level 4.1(6.6) Conjurations
 * Level 9.9(12.4) Summonings
 * Level 8.6(11.2) Air Magic
 - Level 3.0(5.3) Poison Magic
 + Level 4.5(7.1) Evocations


You had 5 spell levels left.
You knew the following spells:

 Your Spells              Type           Power        Failure   Level  Hunger
a - Call Imp              Summ           ######..     1%          2    N/A
b - Call Canine Familiar  Summ           ######..     1%          3    N/A
c - Summon Lightning Spi  Summ/Air       ######..     1%          4    N/A
d - Summon Small Mammal   Summ           ####         1%          1    N/A
e - Mephitic Cloud        Conj/Pois/Air  #####...     1%          3    N/A

Dungeon Overview and Level Annotations

Branches:
Dungeon (8/15)             Temple (1/1) D:5            Lair (6/6) D:8
 Shoals (0/4) Lair:4       Spider (0/4) Lair:4        Slime (0/5) Lair:6

Altars:
Ashenzari
Cheibriados
Dithmenos
Fedhas
Kikubaaqudgha
Makhleb
Nemelex Xobeh
Okawaru
Qazlal
Ru
Sif Muna
Trog
Uskayaw
Wu Jian
Xom
Yredelemnul
Zin
The Shining One
Jiyva

Annotations:
Lair:6 pkoi's ghost, journeyman DrFE


Innate Abilities, Weirdness & Mutations

You do not eat or drink.
Your flesh is vulnerable to fire.
You are immune to poison.
Your flesh is cold resistant. (rC+)
You are immune to negative energy. (rN+++)
You are immune to unholy pain and torment.
You can survive without breathing.


Message History

You catch the helpless pkoi's ghost completely off-guard!
You slash pkoi's ghost! You freeze pkoi's ghost.
Pkoi's ghost is almost destroyed.
Your wolf completely misses pkoi's ghost.
Pkoi's ghost points at you and mumbles some strange words.
The flame tongue hits you!
* * * LOW HITPOINT WARNING * * *
You swap places. 2 elephants come into view.
Your wolf misses pkoi's ghost.
The elephant moves out of view.
Your wolf closely misses pkoi's ghost.
Pkoi's ghost casts a spell at you. The flame tongue hits your white imp.
Your white imp is burned terribly!
Your white imp dies!
There is a stone staircase leading up here.
Your wolf closely misses pkoi's ghost.
Pkoi's ghost gestures at you while chanting.
The fireball explodes!
The fireball engulfs you!
You die...

..##..##...##....P.#.÷...###P#
..#....#....##...............#
.##....##....##.P........P..##
%#......#.....##....._......#
##(.....##....##.....>......#
#....P...#.......h..........##
#.P......#P....8W............#
...............#.5......#...###
......P.......##@....#.###..#.###
†.............Y.......####......#
.............Y.....#.## #.##...##
P#..PP.....##....###..# #####..P#
.#...P.....##......#.P###.##....#
..#.........##....#.....#......##
..PPP.÷.......#...##...........#
P.......#<.......#####.##..#..##
..PPP...###......* #.###.#.##


You could see 2 elephants, pkoi's ghost, a friendly wolf, a friendly lightning
spire and a friendly iron imp.

Vanquished Creatures
  A two-headed ogre (D:8)
  A death yak (Lair:5)
  3 elephants (Lair:6)
  2 black mambas (Lair:6)
  A merfolk siren (Lair:4)
  7 spiny frogs
  2 komodo dragons
  A rime drake (Lair:5)
  5 jumping spiders (Lair:4)
  A hornet (Lair:6)
  Prince Ribbit (Lair:2)
  6 hippogriffs
  A redback (Lair:4)
  16 yaks
  2 basilisks (Lair:5)
  2 wyverns (Lair:6)
  Menkaure (D:5)
  12 water moccasins
  A sky beast (D:6)
  6 porcupines
  An ogre (D:7)
  2 slaves (D:6)
  An ice beast (D:8)
  5 centaurs
  10 wolves
  5 crocodiles
  A gnoll sergeant (D:7)
  12 bullfrogs
  3 howler monkeys
  An electric eel (Lair:2)
  2 crimson imps
  A quasit (D:6)
  3 hounds
  Crazy Yiuf (D:3)
  An orc priest (D:7)
  A bullfrog skeleton (D:8)
  A centaur skeleton (D:5)
  4 orc wizards
  A hound zombie (D:6)
  A hound skeleton (D:4)
  A worker ant zombie (D:5)
  5 gnolls (D:7)
  5 adders
  2 worms
  An adder skeleton (D:6)
  A dart slug (D:2)
  6 leopard geckos
  7 orcs
  7 bats
  A bat zombie (D:8)
  9 giant cockroaches
  5 goblins
  5 hobgoblins
  8 kobolds
  4 quokkas
  2 ball pythons
  4 frilled lizards
  9 rats
  A butterfly (Lair:5)
  3 fungi
215 creatures vanquished.

Vanquished Creatures (collateral kills)
  Kirke (Lair:6)
  A minotaur (Lab)
  4 hydras
  Urug (Lair:5)
  The ghost of vladimirx the Basher, a novice OgBe of Trog (D:6)
  Pikel (D:6)
  3 oklob plants (Lair:2)
  A wolf spider (Lair:6)
  An elephant (Lair:6)
  A black mamba (Lair:6)
  A torpor snail (Lair:2)
  5 spiny frogs
  2 komodo dragons
  2 jumping spiders (Lair:4)
  Grinder (D:5)
  7 blink frogs
  3 hippogriffs
  A redback (Lair:4)
  Sigmund (D:6)
  5 wyverns
  11 yaks
  2 basilisks
  3 water moccasins (Lair:6)
  A porcupine (Lair:3)
  Purgy (Sewer)
  An orc warrior (D:6)
  2 slaves (D:6)
  2 sky beasts
  An ogre (D:4)
  5 wolves
  7 crocodiles
  4 bullfrogs
  A howler monkey (D:5)
  An orc priest (D:6)
  3 orc wizards (D:5)
  Ijyb (D:5)
  3 gnolls (D:7)
  2 adders (D:4)
  An ooze (D:6)
  4 worms (D:2)
  A leopard gecko (D:6)
  9 orcs
  2 ball pythons
  4 bats
  3 giant cockroaches
  A goblin (D:1)
  A hobgoblin (D:2)
  4 rats
  A fungus (Lair:2)
  5 plants
130 creatures vanquished.

Vanquished Creatures (others)
  5 humans (Lair:6)
  An iguana (D:5)
  A bush (Lair:6)
  31 fungi
  44 plants
82 creatures vanquished.

Grand Total: 427 creatures vanquished

Notes
Turn   | Place    | Note
-------+----------+-------------------------------------------
     0 | D:1      | Jeffwins the Mummy Summoner began the quest for the Orb.
     0 | D:1      | Reached XP level 1. HP: 13/13 MP: 4/4
   409 | D:1      | Reached XP level 2. HP: 19/19 MP: 6/6
   413 | D:1      | Learned a level 2 spell: Call Imp
   945 | D:1      | Reached XP level 3. HP: 7/24 MP: 2/7
   952 | D:1      | Learned a level 3 spell: Call Canine Familiar
  1467 | D:2      | Reached skill level 4 in Summonings
  1695 | D:2      | Noticed a sky beast
  1749 | D:2      | Killed a sky beast
  1749 | D:2      | Reached XP level 4. HP: 16/30 MP: 2/9
  1816 | D:2      | Learned a level 4 spell: Summon Lightning Spire
  2588 | D:3      | Found a basalt altar of Yredelemnul.
  2766 | D:3      | Found a glowing silver altar of Zin.
  2809 | D:3      | Reached skill level 1 in Air Magic
  2957 | D:3      | Found a runed door.
  2961 | D:3      | Noticed Crazy Yiuf
  2972 | D:3      | Killed Crazy Yiuf
  2972 | D:3      | Reached XP level 5. HP: 20/35 MP: 5/10
  3146 | D:4      | Noticed an ogre
  3153 | D:4      | Killed an ogre
  3153 | D:4      | Reached skill level 1 in Long Blades
  3153 | D:4      | Reached skill level 5 in Summonings
  3296 | D:4      | Reached XP level 6. HP: 34/41 MP: 6/11
  3326 | D:4      | Found a glowing drain.
  3340 | Sewer    | Entered a sewer
  3377 | Sewer    | Noticed Purgy
  3385 | Sewer    | Killed Purgy
  3846 | D:4      | Found a snail-covered altar of Cheibriados.
  4372 | D:5      | Entered Level 5 of the Dungeon
  4539 | D:5      | Found a staircase to the Ecumenical Temple.
  4545 | D:5      | Noticed Grinder
  4555 | D:5      | Killed Grinder
  4555 | D:5      | Reached XP level 7. HP: 43/46 MP: 4/12
  4575 | Temple   | Entered the Ecumenical Temple
  4815 | Temple   | Became a worshipper of Ashenzari the Shackled
  4908 | D:5      | Noticed Menkaure
  4913 | D:5      | Killed Menkaure
  4913 | D:5      | Reached skill level 6 in Summonings
  5185 | D:5      | Noticed Ijyb
  5195 | D:5      | Killed Ijyb
  5475 | D:6      | Reached XP level 8. HP: 42/52 MP: 9/13
  5626 | D:6      | Noticed vladimirx's ghost (novice OgBe)
  5635 | D:6      | Killed vladimirx's ghost
  5635 | D:6      | Reached skill level 5 in Air Magic
  5695 | D:6      | Found a deep blue altar of Sif Muna.
  5698 | D:6      | Identified the ring "Caom" {rPois rF+ MR+ Dex+4}
  5823 | D:6      | Reached skill level 7 in Summonings
  6025 | D:6      | Noticed Pikel
  6063 | D:6      | Noticed Sigmund
  6072 | D:6      | Killed Pikel
  6078 | D:6      | Killed Sigmund
  6225 | D:6      | Reached XP level 9. HP: 55/57 MP: 14/14
  6257 | D:6      | Found a glowing golden altar of the Shining One.
  6305 | D:6      | Reached * piety under Ashenzari
  6496 | D:7      | Learned a level 3 spell: Mephitic Cloud
  6613 | D:7      | Got the scimitar of Gluttony {freeze, rElec rPois}
  6614 | D:7      | Identified the +10 scimitar of Gluttony {freeze, rElec rPois} (You found it on level 7 of the Dungeon)
  7093 | D:7      | Reached skill level 1 in Fighting
  7133 | D:8      | Reached skill level 1 in Poison Magic
  7178 | D:8      | Found an ancient bone altar of Kikubaaqudgha.
  7230 | D:8      | Noticed a two-headed ogre
  7245 | D:8      | Killed a two-headed ogre
  7245 | D:8      | Reached skill level 1 in Conjurations
  7245 | D:8      | Reached skill level 1 in Evocations
  7348 | D:8      | Found an ornate altar of the Wu Jian Council.
  7653 | D:8      | Found a staircase to the Lair.
  7653 | D:8      | Reached ** piety under Ashenzari
  7747 | D:8      | Reached skill level 1 in Armour
  7920 | D:8      | Found a stormy altar of Qazlal.
  8003 | Lair:1   | Entered Level 1 of the Lair of Beasts
  8003 | Lair:1   | Noticed a spiny frog
  8006 | Lair:1   | Killed a spiny frog
  8084 | Lair:1   | Reached skill level 5 in Long Blades
  8147 | Lair:1   | Reached XP level 10. HP: 67/67 MP: 10/15
  8302 | Lair:1   | Identified the +4 scale mail "Hoblis" {rPois Dex+2 Stlth+}
  8303 | Lair:1   | Noticed a spiny frog
  8310 | Lair:1   | Killed a spiny frog
  8357 | Lair:1   | Reached skill level 8 in Summonings
  8648 | Lair:2   | Noticed a spiny frog
  8663 | Lair:2   | Found a labyrinth entrance.
  8667 | Lab      | Entered a labyrinth
  8747 | Lab      | Noticed a minotaur
  8762 | Lab      | Killed a minotaur
  8766 | Lab      | Identified the Papyrus of Floating Stolen Souls
  8952 | Lair:2   | Noticed an oklob plant
  8956 | Lair:2   | Noticed an oklob plant
  8956 | Lair:2   | Noticed an oklob plant
  8969 | Lair:2   | Killed an oklob plant
  8980 | Lair:2   | Killed an oklob plant
  8981 | Lair:2   | Killed an oklob plant
  9001 | Lair:2   | Reached *** piety under Ashenzari
  9004 | Lair:2   | Noticed a spiny frog
  9010 | Lair:2   | Killed a spiny frog
  9258 | Lair:2   | Noticed Prince Ribbit
  9274 | Lair:2   | Reached XP level 11. HP: 72/75 MP: 3/16
  9488 | Lair:2   | Killed Prince Ribbit
 10053 | Lair:3   | Reached **** piety under Ashenzari
 10106 | Lair:3   | Noticed a six-headed hydra
 10130 | Lair:3   | Killed a six-headed hydra
 10797 | Lair:4   | Found a staircase to the Shoals.
 10870 | Lair:4   | Reached skill level 9 in Summonings
 10986 | Lair:4   | Found a hole to the Spider Nest.
 11216 | Lair:4   | Reached ***** piety under Ashenzari
 11242 | Lair:4   | Noticed a six-headed hydra
 11253 | Lair:4   | Killed a six-headed hydra
 11281 | Lair:4   | Noticed a seven-headed hydra
 11290 | Lair:4   | Killed a seven-headed hydra
 11856 | Lair:5   | Reached XP level 12. HP: 79/84 MP: 1/17
 11977 | Lair:5   | Noticed Urug
 11991 | Lair:5   | Killed Urug
 12536 | Lair:6   | Entered Level 6 of the Lair of Beasts
 12753 | Lair:6   | Found a staircase to the Slime Pits.
 12753 | Lair:6   | Found a viscous altar of Jiyva.
 12755 | Lair:6   | Noticed a four-headed hydra
 12769 | Lair:6   | Killed a four-headed hydra
 12769 | Lair:6   | Reached skill level 5 in Fighting
 12919 | Lair:6   | Found a burning altar of Makhleb.
 13115 | Lair:6   | Noticed Kirke
 13122 | Lair:6   | Killed Kirke
 13138 | Lair:6   | Noticed a death yak
 13143 | Lair:6   | Noticed a death yak
 13145 | Lair:6   | Noticed a death yak
 13156 | Lair:5   | Killed a death yak
 13280 | Lair:6   | Reached skill level 5 in Dodging
 13338 | Lair:6   | Noticed pkoi's ghost (journeyman DrFE)
 13559 | Lair:6   | Killed from afar by pkoi's ghost

Vault maps used:
D:1:      lightli_arrival_isolated_outpost
D:3:      yredelemnul_altar_generic, zin_scriptorium, lemuel_flame_loot_1,
          uniq_crazy_yiuf_cottage
D:4:      nicolae_overflow_hidden_temple, portal_sewer_entry_e
D:5:      temple_fountains, first_bread, uniq_ijyb, uniq_grinder, uniq_menkaure
D:6:      tso_oasis_becter, minmay_ruined_shrine, uniq_pikel, uniq_sigmund
D:7:      grunt_ogre_cave
D:8:      lemuel_zombie_altar_kikubaaqudgha, lemuel_coloured_pillars_altar,
          lemuel_crystal_altar, lair_entry_dummy
Temple:   dpeg_chambers_temple
Lair:1:   grunt_megastairs_3
Lair:2:   lab_entry_generic, minmay_lair_oklob_chamber, lemuel_fruit_fields,
          infiniplex_staircase_pool, serial_bayou_shore_b, uniq_prince_ribbit2
Lair:3:   lemuel_fruit_fields
Lair:4:   minmay_shoals_entry_lonely_mermaid, nicolae_spider_entry_tight_spaces
Lair:5:   lemuel_fruit_tree, grunt_megastairs_4, lemuel_fruit_fields, uniq_urug
Lair:6:   hangedman_lair_tendril_chambers, slime_altar_1, basic_altar,
          serial_forest, infiniplex_forest_corner_1,
          infiniplex_forest_clump_small, infiniplex_forest_straight_1,
          infiniplex_forest_lined_1, infiniplex_forest_clump_small,
          infiniplex_forest_lined_2, infiniplex_forest_end_2, uniq_kirke
Lab:      labyrinth_hidden_loot, nicolae_lab_x
Sewer:    sewer_big_baddie

Skill      XL: |  1  2  3  4  5  6  7  8  9 10 11 12 |
---------------+-------------------------------------+-----
Spellcasting   | 3 |  3.5
Summonings     | 4 5 6 7 8 9 |  9.9
Air Magic      | 1 3 4 5 6 7 8 |  8.6
Long Blades    | 1 2 3 5 7 |  7.8
Fighting       | 2 3 4 5 |  5.6
Poison Magic   | 1 2 3 |  3.0
Dodging        | 2 3 4 5 |  5.0
Conjurations   | 1 2 3 4 |  4.1
Evocations     | 1 2 3 4 |  4.5
Armour         | 1 2 |  2.7
Stealth        | 3 |  3.7

Action                   |  1- 3 |  4- 6 |  7- 9 | 10-12 || total
-------------------------+-------+-------+-------+-------++-------
Melee: Short sword       |   103 |       |       |       ||   103
       Unarmed           |     5 |       |       |       ||     5
       Rapier            |     6 |    30 |       |       ||    36
       Falchion          |       |    82 |    76 |       ||   158
       Staff             |       |     2 |    30 |       ||    32
       Whip              |       |       |     3 |       ||     3
       Scimitar          |       |       |    67 |   272 ||   339
Throw: Tomahawk          |     6 |       |       |       ||     6
 Cast: Summon Small Mamm |     3 |     1 |       |       ||     4
       Call Imp          |     9 |     4 |       |     9 ||    22
       Call Canine Famil |     1 |     6 |     8 |    16 ||    31
       Summon Lightning  |       |     7 |    12 |    61 ||    80
       Mephitic Cloud    |       |       |     3 |    13 ||    16
Invok: Curse Item        |       |       |     5 |       ||     5
  Use: Scroll            |       |     6 |       |     8 ||    14
 Stab: Sleeping          |     3 |     4 |     2 |     9 ||    18
       Distracted        |       |     1 |       |    12 ||    13
       Confused          |       |       |       |     8 ||     8
Armor: Robe              |    22 |    23 |       |       ||    45
       Troll leather arm |       |     9 |    76 |    64 ||   149
Dodge: Dodged            |    85 |    92 |   124 |   148 ||   449
       Rpst.: Falchion   |       |    21 |    10 |       ||    31
       Scimitar          |       |       |    15 |    41 ||    56

Table legend:
 A = Spawn XP
 B = Non-spawn XP
 C = Spawn XP percentage of total XP
 D = Spawn monster count
 E = Non-spawn monster count
 F = Spawn count percentage of total count
 G = Total turns spent on level
                    A         B        C        D         E        F      G
               +---------+---------+-------+---------+---------+-------+---------
         Total |       0 |   35733 |   0.0 |       0 |     331 |   0.0 | 13559
               +---------+---------+-------+---------+---------+-------+---------
           D:1 |       0 |      43 |   0.0 |       0 |      27 |   0.0 |  1373
           D:2 |       0 |     120 |   0.0 |       0 |      26 |   0.0 |  1122
           D:3 |       0 |      64 |   0.0 |       0 |       8 |   0.0 |   650
           D:4 |       0 |     346 |   0.0 |       0 |      21 |   0.0 |  1031
           D:5 |       0 |     753 |   0.0 |       0 |      22 |   0.0 |   814
           D:6 |       0 |    1422 |   0.0 |       0 |      21 |   0.0 |  1003
           D:7 |       0 |     736 |   0.0 |       0 |      18 |   0.0 |   659
           D:8 |       0 |    1177 |   0.0 |       0 |      18 |   0.0 |   885
        Lair:1 |       0 |    1987 |   0.0 |       0 |      13 |   0.0 |   637
        Lair:2 |       0 |    5365 |   0.0 |       0 |      33 |   0.0 |  1052
        Lair:3 |       0 |    2978 |   0.0 |       0 |      19 |   0.0 |   835
        Lair:4 |       0 |    4282 |   0.0 |       0 |      18 |   0.0 |  1001
        Lair:5 |       0 |    5327 |   0.0 |       0 |      36 |   0.0 |  1106
        Lair:6 |       0 |   10249 |   0.0 |       0 |      44 |   0.0 |   750
           Lab |       0 |     800 |   0.0 |       0 |       1 |   0.0 |   175
         Sewer |       0 |      84 |   0.0 |       0 |       6 |   0.0 |   196
               +---------+---------+-------+---------+---------+-------+---------
